 Dungeon Crawl Stone Soup version 0.27.0-1-g7a089689b8 (webtiles) character file.

Game seed: 13544891729508141887

1103 shadowrider38 the Digger (level 8, -3/41 HPs)
             Began as a Gargoyle Earth Elementalist on Aug 12, 2021.
             Slain by a cyclops (22 damage)
             ... on level 6 of the Dungeon.
             The game lasted 00:22:14 (6558 turns).

shadowrider38 the Digger (GrEE)                     Turns: 6558, Time: 00:22:18

Health: -3/41      AC:  8    Str: 11    XL:     8   Next: 32%
Magic:  16/16      EV: 11    Int: 19    God:
Gold:   210        SH:  0    Dex: 10    Spells: 14/18 levels left

rFire    . . .     SeeInvis .   a - +2 dire flail (protect)
rCold    . . .     Faith    .   (shield currently unavailable)
rNeg     + . .     Spirit   .   b - +0 robe
rPois    ∞         Reflect  .   k - +0 helmet
rElec    +         Harm     .   (no cloak)
rCorr    +         Rampage  .   (no gloves)
Will     .....                  (no boots)
Stlth    ++........             (no amulet)
HPRegen  0.13/turn              i - ring of resist corrosion
MPRegen  0.15/turn              (no ring)

@: no status effects
A: sickness immunity, AC +5, negative energy resistance 1, electricity
resistance, torment resistance 1, petrification resistance
a: no special abilities


You were on level 6 of the Dungeon.
You visited 2 branches of the dungeon, and saw 7 of its levels.

You collected 210 gold pieces.

Inventory:

Hand Weapons
 a - a +2 dire flail of protection (weapon)
Missiles
 c - 85 stones
 e - 23 poisoned darts
Armour
 b - a +0 robe (worn)
 k - a +0 helmet (worn)
 m - a scarf of harm
Jewellery
 i - a ring of resist corrosion (left hand)
Wands
 l - a wand of flame (17)
Scrolls
 g - a scroll of magic mapping
 h - a scroll of holy word {unknown}
 q - 2 scrolls of teleportation {unknown}
 r - a scroll of silence
Potions
 d - 2 potions of might
 f - 2 potions of heal wounds
 n - 2 potions of curing
 p - a potion of haste


   Skills:
 - Level 1.5 Dodging
 - Level 2.1 Stealth
 + Level 5.6 Spellcasting
 + Level 5.0 Conjurations
 - Level 0.7 Transmutations
 + Level 7.9 Earth Magic


You had 14 spell levels left.
You knew the following spells:

 Your Spells              Type           Power      Damage    Failure   Level
a - Sandblast             Erth           70%        2d15      1%          1
b - Stone Arrow           Conj/Erth      60%        3d10      2%          3

Your spell library contained the following spells:

 Spells                   Type           Power      Damage    Failure   Level
 Passwall                 Tmut/Erth      17%        N/A       3%          2
 Petrify                  Tmut/Erth      21%        N/A       21%         4


Dungeon Overview and Level Annotations

Branches:
Dungeon (6/15)             Temple (1/1) D:5

Altars:
Cheibriados
Dithmenos
Elyvilon
Fedhas
Gozag
Hepliaklqana
Kikubaaqudgha
Makhleb
Okawaru
Qazlal
Ru
Sif Muna
Wu Jian
Xom
Yredelemnul
Zin
The Shining One

Portals:
Ossuary: D:6

Annotations:
D:4 Eustachio


Innate Abilities, Weirdness & Mutations

You are immune to sickness and miasma.
Your stone body is resilient. (AC +5)
You are immune to poison.
You resist negative energy. (rN+)
You are resistant to electric shocks. (rElec)
You are resistant to unholy torment.
You are immune to petrification.


Message History

Aim: a cyclops, quivering large rocks (severely wounded, 97% to hit)
The puff of flame hits the cyclops but does no damage.
The cyclops is severely wounded.
Aiming: Throw Flame
Press: ? - help, Shift-Dir - straight line, f/p - cyclops
Aim: a cyclops, quivering large rocks (severely wounded, 97% to hit)
The puff of flame hits the cyclops.
The cyclops is almost dead.
Aiming: Throw Flame
Press: ? - help, Shift-Dir - straight line, f/p - cyclops
Aim: a cyclops, quivering large rocks (almost dead, 97% to hit)
The puff of flame hits the cyclops.
The cyclops is almost dead.
You completely miss the cyclops.
The cyclops is almost dead.
The cyclops barely misses you.
You hit the cyclops but do no damage.
Your weapon exudes an aura of protection.
The cyclops is almost dead.
The cyclops hits you but does no damage.
Aiming: Throw Flame
Press: ? - help, Shift-Dir - straight line, f/p - cyclops
Aim: a cyclops, quivering large rocks (almost dead, 97% to hit)
The puff of flame hits the cyclops.
The cyclops is almost dead.
The cyclops hits you!
Aiming: Throw Flame
Press: ? - help, Shift-Dir - straight line, f/p - cyclops
Aim: a cyclops, quivering large rocks (almost dead, 97% to hit)
The puff of flame hits the cyclops.
The cyclops is almost dead.
You hear the brisk hiss of a very distant avalanche of sand.
Aiming: Throw Flame
Press: ? - help, Shift-Dir - straight line, f/p - cyclops
Aim: a cyclops, quivering large rocks (almost dead, 97% to hit)
The puff of flame hits the cyclops.
The cyclops is almost dead.
The cyclops hits you!!
Ouch! That really hurt!
You die...

,,,,******,,* ***,*≈≈≈≈#.,*
,,*,*≈8>≈#..*
*,*,*≈,_≈#..######
*,*,+≈≈≈≈#.......#
*,*,*****#.......#
,,*,,,,,,........#
******,,,....$...###########
,,,,**,*+**#...C@..........#
***,**,*,* #.#.#.########.##
*,*,**,*,* *,#,#.# #.#
,,,,,*,*,* *,*,#.# #.#
***,,*,*,* *,*,#.# ######.#
,,,,,*,*,* *,*,#># #......#
****,*,*,* *,*,#.# #.######*
,,,,,*,*,* *,*,#.# #.#..,,,*
*,,,,,,*,* *,*,*,* #.#.#*,#*


You could see a cyclops.

Vanquished Creatures
  Edmund (D:4)
  A water moccasin (D:5)
  2 black bears
  An ogre (D:5)
  A phantom (D:5)
  A scorpion (D:6)
  A bullfrog skeleton (D:5)
  4 hounds
  2 centaur skeletons
  An orc priest (D:5)
  An iguana (D:5)
  Natasha (twice) (D:2)
  2 hound zombies (D:5)
  Robin (D:3)
  2 adders (D:5)
  A howler monkey skeleton (D:4)
  An ufetubus (D:5)
  2 worms
  4 dart slugs
  7 ball pythons
  3 endoplasms
  4 giant cockroaches
  20 goblins
  4 hobgoblins
  8 jackals
  4 kobolds
  A quokka (D:5)
  4 bats
  2 frilled lizards (D:2)
  4 rats
92 creatures vanquished.

Vanquished Creatures (others)
  A withered plant (D:1)
1 creature vanquished.

Grand Total: 93 creatures vanquished

Notes
Turn   | Place    | Note
-------+----------+-------------------------------------------
     0 | D:1      | shadowrider38 the Gargoyle Earth Elementalist began the
                  | quest for the Orb.
     0 | D:1      | Reached XP level 1. HP: 10/10 MP: 3/3
    86 | D:1      | Reached skill level 4 in Earth Magic
    86 | D:1      | Reached XP level 2. HP: 15/15 MP: 3/5
   159 | D:1      | Found a faded altar of an unknown god.
  1334 | D:2      | Reached XP level 3. HP: 19/19 MP: 6/6
  1341 | D:2      | Learned a level 3 spell: Stone Arrow
  2024 | D:2      | Noticed Natasha
  2380 | D:2      | Killed Natasha
  2381 | D:2      | Reached XP level 4. HP: 24/24 MP: 4/8
  2576 | D:3      | Reached skill level 5 in Earth Magic
  2715 | D:3      | Noticed Robin
  2724 | D:3      | Killed Robin
  2820 | D:2      | Noticed Natasha
  3050 | D:2      | Killed Natasha
  3051 | D:2      | Reached XP level 5. HP: 28/28 MP: 7/10
  3085 | D:3      | Found an ancient bone altar of Kikubaaqudgha.
  3951 | D:4      | Reached skill level 1 in Conjurations
  4018 | D:4      | Noticed Edmund
  4272 | D:4      | Noticed Eustachio
  4295 | D:5      | Entered Level 5 of the Dungeon
  4363 | D:5      | Reached XP level 6. HP: 13/32 MP: 9/11
  4624 | D:5      | Reached skill level 6 in Earth Magic
  4816 | D:5      | Noticed a water moccasin
  4822 | D:5      | Killed a water moccasin
  4823 | D:5      | Reached XP level 7. HP: 36/36 MP: 10/13
  5260 | D:5      | Reached skill level 7 in Earth Magic
  5304 | D:5      | Reached skill level 5 in Spellcasting
  5575 | D:5      | Found a staircase to the Ecumenical Temple.
  5653 | D:4      | Killed Edmund
  5654 | D:4      | Reached XP level 8. HP: 21/41 MP: 1/15
  6056 | Temple   | Entered the Ecumenical Temple
  6302 | D:6      | Found a sand-covered staircase.
  6423 | D:6      | Reached skill level 5 in Conjurations
  6541 | D:6      | Noticed a cyclops
  6558 | D:6      | Slain by a cyclops

Illustrated notes

Levels and vault maps discovered:
D:1:      lemuel_arrival_rhombus, layout_rooms,
          ebering_ecumenical_altar_petrified, chequers_serial_rivers_room_b,
          minivault_5, minivault_27
D:2:      layout_rooms, uniq_natasha
D:3:      layout_loops_ring, mainiacjoe_overflow_boulevard, uniq_robin
D:4:      layout_rooms, uniq_edmund, uniq_eustachio
D:5:      layout_loops_cross, minmay_temple_entry_proselytizer, hex_tiny
D:6:      layout_basic, general_overflow_altar, trog_hazing_becter,
          nicolae_ossuary_entry_false_entrances, serial_shops,
          nicolae_shop_statue_plus
Temple:   eino_temple_scatter_basement

Skill      XL: |  1  2  3  4  5  6  7  8 |
---------------+-------------------------+-----
Earth Magic    | 4 5 6 7 |  7.9
Spellcasting   | 3 4 5 |  5.6
Conjurations   | 1 3 4 5 |  5.0
Dodging        | |  1.5
Stealth        | |  2.1
Transmutations | |  0.7

Action                   |  1- 3 |  4- 6 |  7- 9 || total
-------------------------+-------+-------+-------++-------
Melee: Unarmed           |     5 |       |       ||     5
       Whip              |    73 |     2 |       ||    75
       Short sword       |     6 |   136 |       ||   142
       Dagger            |       |    17 |    16 ||    33
       Dire flail        |       |       |     2 ||     2
Throw: Dart              |       |     6 |       ||     6
 Cast: Sandblast         |    21 |    35 |    36 ||    92
       Stone Arrow       |       |     2 |     6 ||     8
Evoke: Wand              |       |       |    14 ||    14
  Use: Scroll            |       |       |     7 ||     7
       Potion            |       |       |     1 ||     1
 Stab: Sleeping          |     1 |     1 |       ||     2
Armor: Robe              |    40 |    36 |    17 ||    93
       Skin              |       |       |     6 ||     6
Dodge: Dodged            |    49 |    74 |    26 ||   149
